 Dungeon Crawl Stone Soup version 0.27.1 (webtiles) character file.

Game seed: 16270153109467327807

6 nxtlvl the Ducker (level 1, -1/13 HPs)
             Began as a Deep Elf Monk on Sept 3, 2021.
             Killed from afar by a dart slug (6 damage)
             ... with a slug dart
             ... on level 3 of the Dungeon.
             The game lasted 00:02:08 (393 turns).

nxtlvl the Ducker (Deep Elf Monk)                    Turns: 393, Time: 00:02:09

Health: -1/13      AC:  2    Str:  8    XL:     1   Next: 75%
Magic:  3/3        EV: 13    Int: 14    God:
Gold:   11         SH:  0    Dex: 17    Spells: 0/0 levels left

rFire    . . .     SeeInvis .   a - +0 short sword
rCold    . . .     Faith    .   (no shield)
rNeg     . . .     Spirit   .   f - +0 robe
rPois    .         Reflect  .   (no helmet)
rElec    .         Harm     .   (no cloak)
rCorr    .         Rampage  .   (no gloves)
Will     .....                  (no boots)
Stlth    ++........             (no amulet)
HPRegen  0.04/turn              (no ring)
MPRegen  0.08/turn              (no ring)

@: no status effects
A: no striking features
a: no special abilities


You were on level 3 of the Dungeon.
You visited 1 branch of the dungeon, and saw 3 of its levels.

You collected 11 gold pieces.

Inventory:

Hand Weapons
 a - a +0 short sword (weapon)
 b - a +0 hunting sling
Missiles
 c - 34 arrows
 e - 21 sling bullets
 h - 4 curare-tipped darts
Armour
 f - a +0 robe (worn)
Scrolls
 g - a scroll of magic mapping {unknown}
Potions
 d - 2 potions of attraction {unknown}
 i - a potion of lignification {unknown}
 j - a potion of curing {unknown}


   Skills:
 - Level 2.4 Fighting
 * Level 3.4 Short Blades
 - Level 3.6 Dodging
 - Level 2.4 Stealth


You couldn't memorise any spells.
You didn't know any spells.
Your spell library was empty.

Dungeon Overview and Level Annotations

Branches:
Dungeon (3/15)

Altars:
Ashenzari
Ru


Message History

There is a stone staircase leading down here.
You climb downwards.
There is a stone staircase leading up here.
Found a white potion.
Found a sacrificial altar of Ru.
A dart slug comes into view.
Found a fizzy coppery potion.
Found a stone staircase leading up.
d - 2 white potions (gained 1)
i - a fizzy coppery potion
Found a broken altar of Ashenzari.
There is a stone staircase leading up here.
You climb upwards.
There is a stone staircase leading down here.
You climb downwards.
There is a stone staircase leading up here.
Found 23 bolts.
Found a sedimented sapphire potion.
Found 21 stones.
You see here 23 bolts.
The dart slug launches a dart at you. The slug dart hits you.
You see here a sedimented sapphire potion.
j - a sedimented sapphire potion
a - a +0 short sword (weapon)
You hit the dart slug.
The dart slug is lightly wounded.
The dart slug launches a dart at you. The slug dart hits you.
The dart slug closely misses you.
You hit the dart slug.
The dart slug is moderately wounded.
The dart slug bites you but does no damage.
You hit the dart slug.
The dart slug is heavily wounded.
You hit the dart slug.
The dart slug is almost dead.
The dart slug launches a dart at you. The slug dart hits you.
You die...

.....♣.≈≈≈≈≈§§w♣
.....♣≈..≈§§§.§♣
.....♣≈.§.§.≈.≈♣
.....♣≈.≈._.§.≈♣
#....♣≈.≈...≈.≈♣
....#♣≈§.≈≈≈§.§♣
.....♣.≈§≈≈≈§≈.♣#######
.....♣.§......§♣......#
......♣♣♣♣♣♣♣♣♣w@.....#
....### #..........#
....# #..........#
....# #..........#
....# #..........#
##### #..........#
#..........#
############


You could see a dart slug.

Vanquished Creatures
  2 goblins
  A kobold (D:2)
  A ball python (D:1)
  A frilled lizard (D:2)
  A rat (D:2)
6 creatures vanquished.

Notes
Turn   | Place    | Note
-------+----------+-------------------------------------------
     0 | D:1      | nxtlvl the Deep Elf Monk began the quest for the Orb.
     0 | D:1      | Reached XP level 1. HP: 13/13 MP: 3/3
   312 | D:3      | Found a sacrificial altar of Ru.
   333 | D:3      | Found a broken altar of Ashenzari.
   393 | D:3      | Killed from afar by a dart slug

Illustrated notes

Levels and vault maps discovered:
D:1:      pf_arrival_petrified_forest, layout_basic
D:2:      minmay_razor_zed, layout_basic, dreamdust_ecumenical_altar_statues,
          basic_altar, uniq_crazy_yiuf_cottage
D:3:      layout_rooms, mainiacjoe_overflow_tiny_flanked,
          mainiacjoe_overflow_paths, lemuel_doored_altar

Action                   || total
-------------------------++-------
Melee: Short sword       ||    20
 Fire: Hunting sling     ||     3
 Stab: Sleeping          ||     1
Armor: Robe              ||     2
Dodge: Dodged            ||     7
